 Dungeon Crawl Stone Soup version 0.31.0-1-g2c135a0 (webtiles) character file.

Game seed: 399603449991781774

21 bonegar the Magician (level 2, 0/15 HPs)
             Began as a Deep Elf Hedge Wizard on Mar 31, 2024.
             Slain by a jackal (1 damage)
             ... on level 1 of the Dungeon.
             The game lasted 00:05:19 (433 turns).

bonegar the Magician (Deep Elf Hedge Wizard)         Turns: 433, Time: 00:05:19

Health: 0/15       AC:  4    Str:  6    XL:     2   Next: 62%
Magic:  0/9        EV: 13    Int: 17    God:
Gold:   35         SH:  0    Dex: 18    Spells: 9/10 levels left

rFire   . . .        a - +0 dagger
rCold   . . .        (no shield)
rNeg    . . .        b - +0 robe
rPois   .            c - +0 hat
rElec   .            (no cloak)
rCorr   .            (no gloves)
SInv    .            (no boots)
Will    .....        (no amulet)
Stlth   ++           (no ring)
HPRegen 0.22/turn    (no ring)
MPRegen 0.11/turn

%: no passive effects
@: no status effects
A: iridescent scales 1, agile 1, wild magic 1
a: no special abilities


You were on level 1 of the Dungeon.
You visited 1 branch of the dungeon, and saw 1 of its levels.

You collected 35 gold pieces.

Inventory:

Hand Weapons
 a - a +0 dagger (weapon)
Armour
 b - a +0 robe (worn)
 c - a +0 hat (worn)
Scrolls
 f - a scroll of enchant armour {unknown}
Potions
 d - a potion of magic


   Skills:
 + Level 2.8 Dodging
 + Level 2.7 Stealth
 + Level 4.6 Spellcasting
 + Level 1.5 Conjurations
 + Level 1.4 Summonings
 + Level 1.6 Translocations


You had 9 spell levels left.
You knew the following spells:

 Your Spells              Type           Power      Damage    Failure   Level
a - Magic Dart            Conj           44%        1d5       13%         1

Your spell library contained the following spells:

 Spells                   Type           Power      Damage    Failure   Level
 Blink                    Tloc           24%        N/A       17%         2
 Call Imp                 Summ           22%        N/A       19%         2
 Sandblast                Erth           10%        2d5       22%         1
 Slow                     Hex            20%        N/A       22%         1
 Cigotuvi's Dreadful Rot  Necr/Alch/Air  10%        N/A       30%         2
 Call Canine Familiar     Summ           11%        N/A       34%         3
 Stone Arrow              Conj/Erth      16%        3d8       41%         3
 Mephitic Cloud           Conj/Alch/Air  7%         N/A       45%         3
 Passwall                 Erth           5%         N/A       50%         3
 Sigil of Binding         Hex            5%         N/A       50%         3
 Dimensional Bullseye     Hex/Tloc       4%         N/A       78%         4
 Brom's Barrelling Bould  Conj/Erth      8%         2d3       80%         4


Dungeon Overview and Level Annotations

Branches:
Dungeon (1/15)

Altars:


Innate Abilities, Weirdness & Mutations

You are partially covered in iridescent scales. (AC +2)
You are agile. (Dex +4, Str/Int -1)
Your spells are a little harder to cast, but a little more powerful.


Message History

The jackal barely misses you.
You barely miss the jackal.
The jackal is heavily wounded.
The jackal bites you. x2
You barely miss the jackal. The jackal bites you. The jackal misses you.
The jackal bites you.
* * * LOW HITPOINT WARNING * * *
Casting: Magic Dart (safe; 8% risk of failure)
Confirm with . or Enter, or press ? or * to list all spells.
Aiming: Magic Dart (safe; 8% risk of failure)
Press: ? - help, Shift-Dir - straight line, f - jackal
Aim: a jackal (100% to hit)
The magic dart hits the jackal.
The jackal is severely wounded.
The jackal barely misses you. The jackal bites you.
* * * LOW HITPOINT WARNING * * *
The jackal barely misses you. The jackal misses you.
The jackal bites you but does no damage.
Casting: Magic Dart (safe; 8% risk of failure)
Confirm with . or Enter, or press ? or * to list all spells.
Aiming: Magic Dart (safe; 8% risk of failure)
Press: ? - help, Shift-Dir - straight line, f/p - jackal
Aim: a jackal (heavily wounded, 100% to hit)
The magic dart hits the jackal but does no damage.
The jackal is heavily wounded.
The jackal bites you.
* * * LOW HITPOINT WARNING * * *
The jackal misses you. The jackal bites you.
* * * LOW HITPOINT WARNING * * *
The jackal bites you but does no damage.
It was a potion of mutation.
You feel extremely strange.
You feel agile.
You feel less in control of your magic.
Iridescent scales grow over part of your body.
The jackal closely misses you.
The jackal bites you but does no damage.
The jackal barely misses you. The jackal completely misses you.
As you read the scroll labelled PYBYXE BACILUN, it dissolves into smoke.
It was a scroll of fog.
The jackal misses you. The jackal barely misses you. The jackal bites you.
You die...

# # # # # ########### #
#######.....)...###### #
###........§§h..#..#...# #
##........~.§@h....w..#..# #
#....(#...~.§h#.....####..#
####..~...#..~..#...~..## #.##
.......≈..#..~..#..~....# #..#
..#.....~..#.~.#..~....(## #h#
.....#...~.#.~.#.~...#...## #†###
......##..≈.#.#.~..##.....# #hh..
........##.~...~.##.......# #w...
..........#.....#.........###....


You could see a dart slug and 3 jackals.

Vanquished Creatures
  A gnoll (D:1)
  3 goblins (D:1)
  A jackal (D:1)
  A ball python (D:1)
  2 bats (D:1)
  A frilled lizard (D:1)
  A kobold (D:1)
  2 rats (D:1)
12 creatures vanquished.

Notes
Turn   | Place    | Note
-------+----------+-------------------------------------------
     0 | D:1      | bonegar the Deep Elf Hedge Wizard began the quest for the
                  | Orb.
     0 | D:1      | Reached XP level 1. HP: 10/10 MP: 7/7
   205 | D:1      | Reached XP level 2. HP: 6/15 MP: 4/9
   432 | D:1      | Gained mutation: You are agile. (Dex +4, Str/Int -1)
                  | [potion of mutation]
   432 | D:1      | Gained mutation: Your spells are a little harder to cast,
                  | but a little more powerful. [potion of mutation]
   432 | D:1      | Gained mutation: You are partially covered in iridescent
                  | scales. (AC +2) [potion of mutation]
   433 | D:1      | Slain by a jackal

Illustrated notes

Levels and vault maps discovered:
D:1:      minmay_arrival_radiant_lines, layout_rooms, minivault_19,
          hangedman_glass_teeth, minmay_cut_off

Action                     || total
---------------------------++-------
  Melee: Dagger            ||    18
   Cast: Magic Dart        ||    34
    Use: Scroll            ||     2
         Potion            ||     1
 Armour: Robe              ||    24
  Dodge: Dodged            ||    29
